 Dungeon Crawl Stone Soup version 0.29.1-2-gbd0b4ee654 (webtiles) character file.

Game seed: 1189773830792063441

64 zeram the Sneak (level 4, -2/29 HPs)
             Began as an Octopode Brigand on Nov 7, 2022.
             Slain by a gnoll
             ... wielding a +0 spear
              (10 damage)
             ... on level 3 of the Dungeon.
             The game lasted 00:02:52 (2444 turns).

zeram the Sneak (Octopode Brigand)                  Turns: 2444, Time: 00:02:52

Health: -2/29      AC:  1    Str: 10    XL:     4   Next: 12%
Magic:  4/4        EV: 12    Int: 15    God:
Gold:   100        SH:  6    Dex: 16    Spells: 3/3 levels left

rFire   + . .      SeeInvis +   a - +3 dagger
rCold   . . .      Faith    .   e - +2 buckler "Giydeci" {rPois Will++ Dex-3 SInv}
rNeg    . . .      Spirit   .   (helmet restricted)
rPois   +          Reflect  .   (no amulet)
rElec   .          Harm     .   k - ring of protection from fire
rCorr   .          Rampage  .   s - +6 ring of dexterity
Will    ++...                   (no ring)
Stlth   +++++.....              (no ring)
HPRegen 0.09/turn               (no ring)
MPRegen 0.09/turn               (no ring)
                                (no ring)
                                (no ring)

@: no status effects
A: almost no armour, amphibious, 8 rings, camouflage 1, gelatinous body 1,
(nimble swimmer 1), tentacles
a: no special abilities


You were on level 3 of the Dungeon.
You visited 1 branch of the dungeon, and saw 3 of its levels.

You collected 100 gold pieces.

Inventory:

Hand Weapons
 a - a +3 dagger (weapon)
Missiles
 b - 11 poisoned darts (quivered)
 c - 3 curare-tipped darts
 m - 5 atropa-tipped darts
Armour
 e - the +2 buckler "Giydeci" (worn) {rPois Will++ Dex-3 SInv}
   (You acquired it on level 1 of the Dungeon)

   Dex:       It affects your dexterity (-3).
   rPois:     It protects you from poison.
   SInv:      It lets you see invisible.
   Will:      It greatly increases your willpower.
Jewellery
 k - a ring of protection from fire (left tentacle)
 s - a +6 ring of dexterity (right tentacle)
 t - a ring of wizardry
Potions
 d - a potion of attraction {unknown}
 f - 3 potions of curing {unknown}
 g - a potion of might {unknown}
 h - 2 potions of heal wounds {unknown}
 j - a potion of flight {unknown}
 l - a potion of invisibility {unknown}
 p - a potion of resistance {unknown}


   Skills:
 - Level 2.0 Fighting
 + Level 2.4 Short Blades
 - Level 2.0 Throwing
 + Level 1.4 Dodging
 + Level 7.1 Stealth
 + Level 0.2 Shields


You had 3 spell levels left.
You didn't know any spells.
Your spell library contained the following spells:

 Spells                   Type           Power      Damage    Failure   Level
 Confusing Touch          Hex            0%         N/A       73%         3
 Discord                  Hex            0%         N/A       100%        8
 Shatter                  Erth           0%         3d5*      100%        9


Dungeon Overview and Level Annotations

Branches:
Dungeon (3/15)

Altars:
The Shining One


Innate Abilities, Weirdness & Mutations

You cannot wear most types of armour.
You are amphibious.
You can wear up to eight rings at the same time.
Your skin changes colour to match your surroundings (Stealth+).
Your rubbery body absorbs attacks. (AC +1, EV +1)
((You are camouflaged when in or above water. (Stealth+)))
You have tentacles for arms and can constrict up to eight enemies at once.


Message History

HP restored.
A rat comes into view.
The rat bites you.
You see here a stone.
You hit the rat.
You kill the rat!
A gnoll comes into view. It is wielding a +0 club.
A gnoll comes into view. It is wielding a +0 halberd.
Found a flail.
A gnoll comes into view. It is wielding a +0 spear.
The gnoll shouts!
The gnoll shouts!
You hit the gnoll but do no damage. You grab the gnoll.
You constrict the gnoll.
The gnoll hits you from afar with a +0 halberd!
The gnoll closely misses you.
You hit the gnoll.
The gnoll is moderately wounded.
You constrict the gnoll. The gnoll barely misses you.
The gnoll struggles to escape constriction.
Unknown command.
You hit the gnoll.
The gnoll is severely wounded.
You constrict the gnoll. You block the gnoll's attack. The gnoll misses you.
You block the gnoll's attack.
Unknown command.
You hit the gnoll.
You kill the gnoll!
The gnoll misses you.
The gnoll hits you from afar with a +0 spear.
You have reached level 4!
Found a glowing golden altar of the Shining One.
The gnoll hits you with a +0 halberd. The gnoll hits you with a +0 spear.
* * * LOW HITPOINT WARNING * * *
You see here a +0 club.
Unknown command.
You hit the gnoll. Your grab misses the gnoll.
The gnoll is moderately wounded.
The gnoll hits you but does no damage. The gnoll hits you with a +0 spear!
You die...

#... ## #.## #. ###.##
#._ ###...## #..
##..(..## ###.###
####......##
##8...8#####...........
##.........##.......####
......g@.........#### #.
...)..g........#.# #.
#.##......##.##### #.
###.####### #.
############### #.
##.##.##.......# #.
##<#.#......#.#.# #.
#.###......##.#.####.
##.#.#####.##........


You could see 2 gnolls.

Vanquished Creatures
  A gnoll (D:3)
  A worm (D:3)
  2 ball pythons
  4 bats
  3 endoplasms
  3 giant cockroaches
  11 goblins
  5 hobgoblins
  2 kobolds
  3 quokkas
  2 frilled lizards (D:1)
  7 rats
44 creatures vanquished.

Notes
Turn   | Place    | Note
-------+----------+-------------------------------------------
     0 | D:1      | zeram the Octopode Brigand began the quest for the Orb.
     0 | D:1      | Reached XP level 1. HP: 14/14 MP: 1/1
   297 | D:1      | Reached XP level 2. HP: 2/19 MP: 2/2
   301 | D:1      | Reached skill level 6 in Stealth
   803 | D:1      | Got Onauf's Handbook of Maledictive Bedrock
  1188 | D:1      | Identified a scroll of acquirement
  1188 | D:1      | Acquired the +2 buckler "Giydeci" {rPois Will++ Dex-3 SInv}
  1406 | D:2      | Found a glowing golden altar of the Shining One.
  1437 | D:2      | Reached XP level 3. HP: 24/24 MP: 3/3
  2175 | D:3      | Reached skill level 7 in Stealth
  2443 | D:3      | Reached XP level 4. HP: 13/29 MP: 4/4
  2443 | D:3      | Found a glowing golden altar of the Shining One.
  2444 | D:3      | Slain by a gnoll

Illustrated notes

Levels and vault maps discovered:
D:1:      mushboom_english_gardens, layout_basic
D:2:      layout_loops_ring, basic_altar, grunt_ministairs_5,
          reono_crystal_passage
D:3:      layout_loops_cross, nicolae_tso_carved_into_rock,
          shapermc_ecumenical_altar_flowoftime, hangedman_decor_peaks_small,
          minmay_goblin_outpost

Skill      XL: |  1  2  3 |
---------------+----------+-----
Stealth        | 6 7 |  7.1
Fighting       | |  2.0
Short Blades   | |  2.4
Throwing       | |  2.0
Dodging        | |  1.4
Shields        | |  0.2

Action                   |  1- 3 |  4- 6 || total
-------------------------+-------+-------++-------
Melee: Dagger            |    83 |     1 ||    84
       Constrict         |    21 |       ||    21
       Tentacles         |    14 |       ||    14
  Use: Scroll            |     6 |       ||     6
 Stab: Sleeping          |    11 |       ||    11
Armor: Skin              |     8 |     1 ||     9
Dodge: Dodged            |    29 |       ||    29
Block: Buckler           |    13 |       ||    13
